 Dungeon Crawl Stone Soup version 0.25-a0-410-g53dbb631d1 (webtiles) character file.

Game seed: 3596139063603498010, levelgen mode: deterministic

2692 DerDa the Fighter (level 9, -10/90 HPs)
             Began as a Gargoyle Berserker on Jan 13, 2020.
             Was an Elder of Trog.
             Mangled by a two-headed ogre
             ... wielding a +0 giant club
              (11 damage)
             ... on level 7 of the Dungeon.
             The game lasted 00:14:45 (6250 turns).

DerDa the Fighter (Gargoyle Berserker)              Turns: 6250, Time: 00:14:45

Health: -10/90     AC: 11    Str: 31    XL:     9   Next: 65%
Magic:  9/9        EV: 14    Int:  8    God:    Trog [****..]
Gold:   232        SH:  0    Dex:  9    Spells: 8/8 levels left

rFire    + . .     SeeInvis .   A - +4 quarterstaff (chaos)
rCold    + . .     Gourm    .   (shield currently unavailable)
rNeg     + . .     Faith    +   d - +0 leather armour
rPois    ∞         Spirit   .   H - +0 helmet
rElec    +         Reflect  .   F - scarf {rC+ rF+}
rCorr    +         Harm     .   (no gloves)
MR       .....                  (no boots)
Stlth    ..........             f - amulet of faith
HPRegen  0.25/turn              q - +2 ring of strength
MPRegen  0.11/turn              y - ring of resist corrosion

@: berserking, very quick
A: negative energy resistance 1, electricity resistance, unbreathing,
petrification resistance, rot immunity, AC +6
a: Berserk, Trog's Hand, Brothers in Arms, Renounce Religion


You were on level 7 of the Dungeon.
You worshipped Trog.
Trog was greatly pleased with you.
You were near starving.

You visited 2 branches of the dungeon, and saw 9 of its levels.
You also visited: Sewer.

You collected 232 gold pieces.

Inventory:

Hand Weapons
 s - a +0 whip of pain
 t - a +0 hunting sling
 A - a +4 quarterstaff of chaos (weapon)
 C - a +0 mace of holy wrath
 L - a +0 whip of flaming
 P - a +0 whip of draining
Missiles
 e - 131 stones
 k - 73 poisoned darts (quivered)
 o - 72 sling bullets
 w - 41 bolts
Armour
 b - a +0 animal skin
 d - a +0 leather armour (worn)
 B - a +2 cloak of invisibility
 F - a scarf of resistance (worn)
 H - a +0 helmet (worn)
Jewellery
 f - an amulet of faith (around neck)
 q - a +2 ring of strength (left hand)
 y - a ring of resist corrosion (right hand)
 D - an uncursed ring of wizardry {unknown}
 K - an uncursed amulet of the acrobat {unknown}
Wands
 M - a wand of enslavement (8)
 R - a wand of digging (6)
Scrolls
 a - 2 scrolls of immolation {unknown}
 h - 7 scrolls of remove curse {unknown}
 i - 13 scrolls of identify {unknown}
 j - a scroll of noise {unknown}
 l - 2 scrolls of magic mapping {unknown}
 m - 4 scrolls of teleportation {unknown}
 p - 2 scrolls of fear {unknown}
 r - 3 scrolls of enchant armour {unknown}
 u - 2 scrolls of fog {unknown}
 x - a scroll of amnesia {unknown}
 E - a scroll of random uselessness {unknown}
 G - 2 scrolls of blinking {unknown}
 J - a scroll of enchant weapon {unknown}
Potions
 g - 2 potions of heal wounds {unknown}
 n - a potion of haste {unknown}
 v - 2 potions of might {unknown}
 z - 2 potions of magic {unknown}
 I - 2 potions of ambrosia {unknown}
 N - a potion of cancellation {unknown}
 O - 2 potions of curing
Comestibles
 c - 18 rations


   Skills:
 * Level 8.8 Fighting
 + Level 6.1 Maces & Flails
 + Level 6.0 Armour
 * Level 6.3 Dodging


You had 8 spell levels left.
You didn't know any spells.
Your spell library was empty.

Dungeon Overview and Level Annotations

Branches:
Dungeon (8/15)             Temple (1/1) D:4           Sewer (visited)
   Lair: D:8-11

Altars:
Ashenzari
Dithmenos
Elyvilon
Fedhas
Gozag
Hepliaklqana
Makhleb
Nemelex Xobeh
Okawaru
Qazlal
Ru
Sif Muna
Trog
Uskayaw
Vehumet
Wu Jian
Xom
Yredelemnul
Zin
The Shining One


Innate Abilities, Weirdness & Mutations

You are resistant to torment.
Your stone body is resilient. (AC +6)
You are immune to poison.
You resist negative energy. (rN+)
You are resistant to electric shocks. (rElec)
You can survive without breathing.
You are immune to petrification.
You are immune to rotting.


Message History

The two-headed ogre completely misses you.
The two-headed ogre hits you but does no damage.
Unknown command.
You hit the two-headed ogre but do no damage.
The two-headed ogre is heavily wounded.
The two-headed ogre closely misses you.
The two-headed ogre hits you with a +0 giant club.
* * * LOW HITPOINT WARNING * * *
A red film seems to cover your vision as you go berserk!
You feel yourself moving faster!
You feel mighty!
You are near starving!
You barely miss the two-headed ogre.
The two-headed ogre is heavily wounded.
The two-headed ogre hits you with a +0 giant club!
* * * LOW HITPOINT WARNING * * *
The two-headed ogre closely misses you.
You sock the two-headed ogre! You freeze the two-headed ogre.
The two-headed ogre is almost dead.
The two-headed ogre hits you with a +0 giant club!
You die...

###.##......##........#
##.###................##
....##...........##...###
...........##...####....#
.........<.##....#.#...##
............##..........##
............###..........#
.............##.##......##
.....####.....#O@......##
......#......###.....###
............)........#
.#..................##
.##.............#..##
##..#...........####
##..##.......#.##
............<###
............##


You could see a two-headed ogre.

Vanquished Creatures
  Pikel (D:6)
  Joseph (D:7)
  Menkaure (D:7)
  Duvessa (D:7)
  An ice beast (D:7)
  A phantom (D:5)
  A slave (D:6)
  2 centaurs
  6 big kobolds (Sewer)
  Blork the orc (D:6)
  A bullfrog (D:6)
  Dowan (D:7)
  2 scorpions (D:6)
  A howler monkey (D:6)
  2 crimson imps
  2 hounds
  An orc priest (D:5)
  A centaur skeleton (D:5)
  A jelly (D:5)
  Crazy Yiuf (D:4)
  6 worker ants
  2 iguanas
  A hound zombie (D:5)
  2 hound skeletons
  A worker ant zombie (D:6)
  A howler monkey zombie (D:7)
  12 adders
  A river rat (Sewer)
  A shadow imp (D:5)
  4 oozes
  An adder zombie (D:7)
  7 worms
  A dart slug (D:1)
  6 leopard geckos
  11 orcs
  7 giant cockroaches
  2 gnoll zombies (D:5)
  3 goblins
  13 hobgoblins
  11 jackals
  12 kobolds
  3 quokkas
  6 ball pythons
  A ball python skeleton (D:4)
  11 bats
  3 frilled lizards
  A jackal skeleton (D:4)
  A leopard gecko skeleton (D:5)
  8 rats
168 creatures vanquished.

Vanquished Creatures (collateral kills)
  An adder (D:5)
1 creature vanquished.

Grand Total: 169 creatures vanquished

Notes
Turn   | Place    | Note
-------+----------+-------------------------------------------
     0 | D:1      | DerDa the Gargoyle Berserker began the quest for the Orb.
     0 | D:1      | Reached XP level 1. HP: 14/14 MP: 1/1
   103 | D:1      | Reached XP level 2. HP: 19/19 MP: 2/2
   618 | D:1      | Reached XP level 3. HP: 24/24 MP: 3/3
  1106 | D:2      | Reached skill level 4 in Fighting
  1528 | D:2      | Reached ** piety under Trog
  1546 | D:2      | Reached XP level 4. HP: 24/29 MP: 4/4
  1792 | D:2      | You fall into a shaft and drop 2 floors!
  1821 | D:4      | Found a staircase to the Ecumenical Temple.
  1859 | Temple   | Entered the Ecumenical Temple
  2048 | D:4      | Reached XP level 5. HP: 34/34 MP: 5/5
  3299 | D:4      | Found a runed translucent door.
  3301 | D:4      | Noticed Crazy Yiuf
  3308 | D:4      | Killed Crazy Yiuf
  3519 | D:5      | Entered Level 5 of the Dungeon
  3556 | D:5      | Reached *** piety under Trog
  3556 | D:5      | Reached skill level 5 in Fighting
  3556 | D:5      | Reached XP level 6. HP: 40/40 MP: 6/6
  3663 | D:5      | Reached XP level 7. HP: 15/44 MP: 7/7
  4016 | D:5      | Reached skill level 6 in Fighting
  4108 | D:5      | Found a basalt altar of Yredelemnul.
  4417 | D:6      | Noticed Blork the orc
  4425 | D:6      | Killed Blork the orc
  4425 | D:6      | Reached XP level 8. HP: 40/52 MP: 8/8
  4463 | D:6      | Reached **** piety under Trog
  4466 | D:6      | Noticed Pikel
  4481 | D:6      | Killed Pikel
  4481 | D:6      | Reached skill level 7 in Fighting
  4481 | D:6      | Reached skill level 5 in Maces & Flails
  4481 | D:6      | Reached skill level 5 in Dodging
  4503 | D:6      | Reached skill level 5 in Armour
  4947 | D:6      | Found a glowing drain.
  4961 | Sewer    | Entered a sewer
  5106 | Sewer    | Reached XP level 9. HP: 57/59 MP: 9/9
  5192 | Sewer    | Reached skill level 8 in Fighting
  5572 | D:7      | Noticed Menkaure
  5573 | D:7      | Noticed Joseph
  5582 | D:7      | Killed Joseph
  5585 | D:7      | Killed Menkaure
  5585 | D:7      | Reached ***** piety under Trog
  5585 | D:7      | Received a gift from Trog
  5834 | D:7      | Found a blossoming altar of Fedhas.
  5893 | D:7      | Noticed Duvessa
  5893 | D:7      | Noticed Dowan
  5926 | D:7      | Killed Dowan
  5938 | D:7      | Killed Duvessa
  6007 | D:7      | Found a shimmering altar of Xom.
  6237 | D:8      | Noticed a two-headed ogre
  6249 | D:7      | HP: 1/90 [two-headed ogre/+0 giant club (9)]
  6250 | D:7      | Mangled by a two-headed ogre

Levels and vault maps discovered:
D:1:      enne_arrival_octagon_isle, layout_rooms, minmay_statues_item,
          minmay_hedge_maze, serial_bayou_pond_b
D:2:      layout_loops_ring, minmay_fractal_squares_gapless_5
D:3:      layout_rooms, serial_rivers, chequers_serial_rivers_large_a,
          chequers_serial_rivers_micro_e, chequers_serial_rivers_marsh,
          chequers_serial_rivers_micro_b
D:4:      layout_rooms, temple_pool_b, uniq_crazy_yiuf_cottage
D:5:      layout_rooms, lemuel_zombie_altar_yredelemnul, first_ration
D:6:      layout_gridville, gup_sewer_entry_pipe, uniq_pikel, uniq_blork_the_orc
D:7:      layout_cave_pools, kennysheep_little_box, basic_altar, uniq_menkaure,
          uniq_joseph, uniq_duvessa
D:8:      layout_cave_pools
Temple:   regret_index_temple_mists

Skill      XL: |  1  2  3  4  5  6  7  8  9 |
---------------+----------------------------+-----
Dodging        | 2 3 4 5 6 |  6.3
Fighting       | 4 5 6 7 8 |  8.8
Armour         | 3 4 5 6 |  6.0
Maces & Flails | 4 5 6 |  6.1

Action                   |  1- 3 |  4- 6 |  7- 9 || total
-------------------------+-------+-------+-------++-------
Melee: Whip              |   190 |   175 |       ||   365
       Mace              |     3 |       |       ||     3
       Quarterstaff      |       |    51 |   275 ||   326
Invok: Berserk           |     1 |     2 |     3 ||     6
 Stab: Paralysed         |       |       |     1 ||     1
       Petrifying        |       |       |     1 ||     1
  Eat: Chunk             |     3 |     6 |    10 ||    19
       Ration            |       |     1 |       ||     1
Armor: Leather armour    |   103 |    99 |    91 ||   293
Dodge: Dodged            |   150 |   191 |   170 ||   511

Table legend:
 A = Non-vault XP
 B = Vault XP
 C = Vault XP percentage of total XP
 D = Non-vault monster count
 E = Vault monster count
 F = Vault count percentage of total count
                 A         B        C        D         E       F
            +---------+---------+-------+---------+---------+-------
      Total |    1718 |    2128 |  55.3 |     119 |      49 |  29.2
            +---------+---------+-------+---------+---------+-------
        D:1 |      49 |       3 |   5.8 |      28 |       2 |   6.7
        D:2 |      75 |       4 |   5.1 |      19 |       3 |  13.6
        D:3 |      42 |       0 |   0.0 |      14 |       0 |   0.0
        D:4 |      80 |      37 |  31.6 |      11 |       1 |   8.3
        D:5 |     728 |       4 |   0.5 |      27 |       2 |   6.9
        D:6 |     428 |     737 |  63.3 |      15 |       9 |  37.5
        D:7 |     316 |     646 |  67.2 |       5 |       4 |  44.4
      Sewer |       0 |     697 | 100.0 |       0 |      28 | 100.0
            +---------+---------+-------+---------+---------+-------
